 Dungeon Crawl Stone Soup version 0.22.1-2-g9c5b331383 (webtiles) character file.

5835 McIrco the Carver (level 10, -3/79 HPs)
             Began as a Barachi Fighter on Jan 5, 2019.
             Was a Believer of Okawaru.
             Slain by Urug
             ... wielding a +6 demon trident
              (27 damage)
             ... on level 10 of the Dungeon.
             The game lasted 00:29:16 (10469 turns).

McIrco the Carver (Barachi Fighter)                Turns: 10469, Time: 00:29:17

Health: -3/79      AC: 13    Str: 23    XL:     10   Next: 80%
Magic:  11/11      EV: 11    Int: 10    God:    Okawaru [**....]
Gold:   706        SH: 13    Dex: 12    Spells: 9/9 levels left

rFire    . . .     SeeInvis .   t - +3 long sword (holy)
rCold    . . .     Gourm    .   c - +0 shield
rNeg     + . .     Faith    .   x - +1 scale mail {MR+}
rPois    .         Spirit   .   s - +1 hat
rElec    .         Reflect  +   r - +0 cloak {+Inv}
rCorr    .         Harm     .   (no gloves)
MR       +....                  G - +0 pair of boots
Stlth    ..........             y - +2 amulet of reflection
HPRegen  0.23/turn              d - ring of positive energy
MPRegen  0.12/turn              h - +4 ring of strength

@: slow
A: +LOS, swims, slowness 1, strong legs 1
a: Hop, Heroism, Renounce Religion, Evoke Invisibility


You were on level 10 of the Dungeon.
You worshipped Okawaru.
Okawaru was pleased with you.
You were not hungry.

You visited 1 branch of the dungeon, and saw 10 of its levels.

You collected 706 gold pieces.

Inventory:

Hand Weapons
 a - a +0 long sword
 t - a +3 long sword of holy wrath (weapon)
 P - a +0 hand axe
Missiles
 m - 3 javelins of penetration (quivered)
Armour
 c - a +0 shield (worn)
 k - a +0 plate armour
 r - a +0 cloak of invisibility (worn)
 s - a +1 hat (worn)
 x - a +1 scale mail of magic resistance (worn)
 G - a +0 pair of boots (worn)
Jewellery
 d - a ring of positive energy (left hand)
 g - a +4 ring of intelligence
 h - a +4 ring of strength (right hand)
 u - an uncursed ring of protection from fire
 y - a +2 amulet of reflection (around neck)
 z - an uncursed amulet of the acrobat
 I - an uncursed amulet of guardian spirit {unknown}
Wands
 v - a wand of random effects (17)
 F - a wand of flame (12)
 K - a wand of paralysis (12)
Scrolls
 e - 9 scrolls of identify
 j - 5 scrolls of enchant weapon
 l - a scroll of magic mapping {unknown}
 o - 5 scrolls of teleportation
 p - a scroll of fog {unknown}
 C - 2 scrolls of noise {unknown}
 D - a scroll of summoning {unknown}
 E - a scroll of enchant armour {unknown}
 H - a scroll of amnesia {unknown}
 J - a scroll of random uselessness {unknown}
 L - a scroll of acquirement {unknown}
 M - 2 scrolls of fear {unknown}
 N - a scroll of immolation {unknown}
Potions
 b - a potion of invisibility
 i - a potion of magic
 n - a potion of curing
 q - 2 potions of heal wounds
 w - 2 potions of flight
 A - a potion of haste
 B - 5 potions of agility
 O - 2 potions of degeneration {unknown}
Comestibles
 f - 19 rations
 Q - a chunk of flesh


   Skills:
 + Level 7.3 Fighting
 + Level 10.8 Long Blades
 + Level 10.3 Armour
 * Level 4.9 Dodging
 + Level 8.5 Shields
 * Level 2.3 Evocations


You had 9 spell levels left.
You didn't know any spells.
Your spell library contained the following spells:

 Spells                   Type           Power        Failure   Level  Hunger
 Sting                    Conj/Pois      #...         88%         1    ##.....
 Poisonous Vapours        Pois/Air       #.....       95%         2    ###....
 Conjure Flame            Conj/Fire      #.......     99%         3    ####...
 Mephitic Cloud           Conj/Pois/Air  #.......     99%         3    ####...
 Olgreb's Toxic Radiance  Pois           #.......     100%        4    #####..
 Venom Bolt               Conj/Pois      #.........   100%        5    ######.
 Freezing Cloud           Conj/Ice/Air   #.........   100%        6    #######
 Ring of Flames           Chrm/Fire      #.........   100%        7    #######


Dungeon Overview and Level Annotations

Branches:
Dungeon (10/15)            Temple (0/1) D:5            Lair (0/6) D:8
    Orc (0/2) D:10

Altars:
Elyvilon
Okawaru
Zin
The Shining One
Beogh

Shops:
D:9 =

Annotations:
D:10 Urug


Innate Abilities, Weirdness & Mutations

Shadows flee at your approach. (+LOS)
You can swim through water.
You cover ground slowly.
You can hop short distances.


Message History

Evoke which item? (* to show all) (? for menu, Esc to quit)
Aiming: Random Effects
Press: ? - help, Shift-Dir - straight line Nothing appears to happen.
Something hits you! You block something's attack.
You barely miss something. Something hits you!
You hit something. Something hits you!!
You barely miss something. Something hits you.
You barely miss something. You hit something but do no damage.
You block something's attack.
You miss something. You block something's attack.
You closely miss something. Something hits you!
* * * LOW HITPOINT WARNING * * *
Something hits you but does no damage.
Things that are here:
a ring mail; a hand axe
There is a stone staircase leading up, spattered with blood here.
You see here a javelin.
Something hits you!!
You die... >..####.........##8'8#### ##.........(....# oooo8o ##............).# oo..o

########.......## o.o. #
###..........# o.. #
##............# >.
###..##........[#### #
#...###.........##.##############
#.### #........)@#...##.........#
#.# ##.......#)###..#.........#
..#######.....##.).##[..........#
..........>...........).........#
.#################[.###.........#
######## #######...#.........#
.......## #...................#
...###..# #........#..#########
##...##.#####........##......#


There were no monsters in sight!

Vanquished Creatures
  A komodo dragon (D:8)
  A hornet (D:8)
  Grinder (D:3)
  4 hippogriffs
  A wyvern (D:10)
  A soldier ant (D:8)
  Edmund (D:4)
  A water moccasin (D:9)
  2 sky beasts
  An eye of draining (D:10)
  8 orc warriors
  An ice beast (D:6)
  3 ogres (D:9)
  A crocodile (D:8)
  2 centaurs
  2 big kobolds
  Blork the orc (D:4)
  6 bullfrogs
  A wyvern zombie (D:8)
  2 scorpions
  5 wights (D:10)
  A howler monkey (D:7)
  3 bullfrog zombies
  2 crimson imps
  Crazy Yiuf (D:3)
  2 bullfrog skeletons
  A gnoll shaman (D:6)
  4 hounds
  2 jellies
  6 orc priests
  5 orc wizards
  Ijyb (D:4)
  5 worker ants
  A killer bee zombie (D:8)
  A hound zombie (D:8)
  A hound skeleton (D:4)
  A worker ant zombie (D:6)
  5 gnolls (D:6)
  13 adders
  A shadow imp (D:10)
  An adder zombie (D:8)
  3 worms
  A dart slug (D:1)
  8 leopard geckos
  66 orcs
  2 ball pythons
  6 bats
  5 giant cockroaches
  8 goblins
  2 hobgoblins (D:1)
  7 quokkas
  7 frilled lizards
  14 kobolds
  A quokka zombie (D:9)
  6 rats
  A plant (D:8)
240 creatures vanquished.

Vanquished Creatures (others)
  A centaur (D:8)
  An orc (D:9)
  A kobold (D:9)
  A plant (D:8)
4 creatures vanquished.

Grand Total: 244 creatures vanquished

Notes
Turn   | Place    | Note
-------+----------+-------------------------------------------
     0 | D:1      | McIrco the Barachi Fighter began the quest for the Orb.
     0 | D:1      | Reached XP level 1. HP: 18/18 MP: 1/1
   152 | D:1      | Reached XP level 2. HP: 25/25 MP: 2/2
   294 | D:1      | Reached XP level 3. HP: 23/30 MP: 3/3
  1259 | D:3      | Reached XP level 4. HP: 19/37 MP: 4/4
  1437 | D:3      | Reached skill level 5 in Armour
  1478 | D:3      | Noticed Grinder
  1533 | D:3      | Paralysed by Grinder for 4 turns
  1542 | D:3      | Paralysed by Grinder for 3 turns
  1551 | D:3      | Killed Grinder
  1551 | D:3      | Reached skill level 1 in Dodging
  1551 | D:3      | Reached XP level 5. HP: 34/42 MP: 5/5
  1551 | D:3      | Reached XP level 6. HP: 39/48 MP: 6/6
  1818 | D:3      | Found a glowing golden altar of the Shining One.
  1820 | D:3      | Found a glowing silver altar of Zin.
  1827 | D:3      | Found a white marble altar of Elyvilon.
  2137 | D:3      | Found a runed door.
  2141 | D:3      | Noticed Crazy Yiuf
  2149 | D:3      | Killed Crazy Yiuf
  2556 | D:4      | Noticed Blork the orc
  2579 | D:4      | Reached skill level 5 in Long Blades
  2580 | D:4      | Killed Blork the orc
  2580 | D:4      | Reached XP level 7. HP: 44/55 MP: 7/7
  2743 | D:4      | Noticed Edmund
  2749 | D:4      | Noticed Ijyb
  2754 | D:4      | Killed Edmund
  2754 | D:4      | Reached skill level 5 in Shields
  2767 | D:4      | Killed Ijyb
  3366 | D:5      | Entered Level 5 of the Dungeon
  3461 | D:5      | Reached XP level 8. HP: 49/61 MP: 8/8
  3710 | D:5      | Found a staircase to the Ecumenical Temple.
  3838 | D:5      | Reached skill level 5 in Fighting
  5407 | D:7      | Reached XP level 9. HP: 68/68 MP: 9/9
  5973 | D:8      | Found a staircase to the Lair.
  5974 | D:8      | Noticed a komodo dragon
  6028 | D:8      | Killed a komodo dragon
  6281 | D:8      | Noticed a hornet
  6290 | D:8      | Paralysed by a hornet for 3 turns
  6296 | D:8      | Killed a hornet
  7036 | D:8      | Found an iron altar of Okawaru.
  7069 | D:8      | Became a worshipper of Warmaster Okawaru
  7271 | D:8      | Reached XP level 10. HP: 77/77 MP: 10/10
  7456 | D:9      | Found a roughly hewn altar of Beogh.
  7518 | D:9      | Reached skill level 10 in Armour
  7548 | D:9      | Reached * piety under Okawaru
  7924 | D:9      | Found Bura's Jewellery Shop.
  7959 | D:9      | Reached skill level 10 in Long Blades
  8163 | D:9      | Found a glowing golden altar of the Shining One.
  8861 | D:10     | Entered Level 10 of the Dungeon
  8861 | D:10     | Noticed Urug
  9063 | D:10     | Reached skill level 1 in Evocations
  9456 | D:10     | Reached ** piety under Okawaru
  9663 | D:10     | Found a roughly hewn altar of Beogh.
  9663 | D:10     | Found a staircase to the Orcish Mines.
 10469 | D:10     | Slain by Urug

Skill      XL: |  1  2  3  4  5  6  7  8  9 10 |
---------------+-------------------------------+-----
Armour         | 4 5 6 7 8 9 10 | 10.3
Fighting       | 4 5 6 7 |  7.3
Long Blades    | 3 4 5 6 7 9 10 | 10.8
Dodging        | 1 2 3 4 |  4.9
Shields        | 4 5 6 7 8 |  8.5
Evocations     | 2 |  2.3

Action                   |  1- 3 |  4- 6 |  7- 9 | 10-12 || total
-------------------------+-------+-------+-------+-------++-------
Melee: Long sword        |   134 |   156 |   418 |   350 ||  1058
Throw: Javelin           |       |     2 |       |       ||     2
 Abil: Hop               |     1 |       |       |     2 ||     3
       Evoke Invisibilit |       |       |       |     1 ||     1
Evoke: Wand              |       |       |       |    20 ||    20
  Use: Potion            |       |     6 |     3 |     4 ||    13
       Scroll            |       |       |     4 |       ||     4
 Stab: Invisible         |       |       |       |     4 ||     4
  Eat: Chunk             |     1 |       |    12 |    10 ||    23
       Ration            |       |     2 |     1 |     1 ||     4
Armor: Scale mail        |    68 |    25 |   151 |    62 ||   306
       Skin              |       |    11 |       |       ||    11
       Plate armour      |       |    60 |    28 |       ||    88
Dodge: Dodged            |    38 |    38 |   143 |    74 ||   293
Block: Shield            |    73 |    85 |   244 |   192 ||   594
       Reflection        |       |       |     4 |    11 ||    15
       Rpst.: Long sword |    11 |     7 |    43 |     8 ||    69
